 Dungeon Crawl Stone Soup version 0.21.1-1-g345015f (webtiles) character file.

203 microfolk the Bolt Thrower (level 6, -12/37 HPs)
             Began as a Kobold Hunter on May 11, 2018.
             Splashed by Ijyb's acid (16 damage)
             ... on level 3 of the Dungeon.
             The game lasted 00:05:47 (3475 turns).

microfolk the Bolt Thrower (Kobold Hunter)          Turns: 3475, Time: 00:05:48

Health: -12/37     AC: -2    Str: 11    XL:     6   Next: 8%
Magic:  6/6        EV: 11    Int: 12    God:
Gold:   230        SH:  4    Dex: 16    Spells: 5/5 levels left

rFire    . . .     SeeInvis .   b - +0 short sword
rCold    . . .     Gourm    .   q - +0 buckler
rNeg     . . .     Faith    .   o - +0 scale mail
rPois    .         Spirit   .   (no helmet)
rElec    .         Reflect  .   (no cloak)
rCorr    .         Harm     .   (no gloves)
MR       .....                  (no boots)
Stlth    +.........             (no amulet)
HPRegen  0.12/turn              (no ring)
MPRegen  0.10/turn              (no ring)

@: corroded
A: small, carnivore
a: no special abilities


You were on level 3 of the Dungeon.
You were very full.

You visited 1 branch of the dungeon, and saw 3 of its levels.

You collected 230 gold pieces.

Inventory:

Hand Weapons
 a - a +1 hand crossbow
 b - a +0 short sword (weapon)
 p - a +4 dagger
 t - a +0 blowgun
Missiles
 d - 26 bolts
 h - 72 stones (quivered)
 n - 10 poisoned needles
Armour
 o - a +0 scale mail (worn)
 q - a +0 buckler (worn)
Jewellery
 r - an uncursed ring of resist corrosion {unknown}
Scrolls
 e - a scroll of amnesia {unknown}
 g - a scroll of identify {unknown}
 i - a scroll of teleportation
 j - a scroll of random uselessness {unknown}
 k - a scroll of enchant armour {unknown}
 m - a scroll of remove curse {unknown}
Potions
 s - a potion of curing
Comestibles
 f - 8 rations


   Skills:
 + Level 3.3 Fighting
 * Level 3.8 Short Blades
 + Level 5.5 Crossbows
 + Level 3.5 Dodging
 + Level 3.5 Stealth


You had 5 spell levels left.
You didn't know any spells.

Dungeon Overview and Level Annotations

Branches:
Dungeon (3/15)

Altars:
Yredelemnul

Annotations:
D:2 exclusion: 2 downstairs
D:3 Ijyb


Innate Abilities, Weirdness & Mutations

You are small and have problems with some larger weapons.
You are carnivorous and can eat meat at any time.


Message History

Ijyb barely misses you.
You feel much better.
Ijyb zaps a wand.
The bolt of acid hits you!
Ouch! That really hurt!
The acid corrodes you!
You are splashed with acid!
The acid burns!
* * * LOW HITPOINT WARNING * * *
You hit Ijyb but do no damage.
Ijyb is lightly wounded.
Ijyb barely misses you.
You hit Ijyb.
Ijyb is moderately wounded.
You hit Ijyb.
Ijyb is moderately wounded.
Ijyb barely misses you.
You feel much better.
Ijyb zaps a wand.
The bolt of acid misses you.
You miss Ijyb.
Ijyb is moderately wounded.
Ijyb zaps a wand.
The bolt of acid hits you!
* * * LOW HITPOINT WARNING * * *
You are splashed with acid!
The acid burns!
You die...

######## #.......
#.####.# #.# #.#
###########.####.#
#...........##....
#.############....
#@# ##### #g#
##..o. #.# #o♣###
#.# #.##.. #.#
#.#.♣. #......%.
#^oo.< ...(....#
#.#.♣. ##(..###.#
#.##.. ....#
#.♣###


You could see Ijyb.

Vanquished Creatures
  A wyvern skeleton (D:2)
  Natasha (D:3)
  5 adders
  An ooze (D:2)
  2 worms (D:2)
  3 dart slugs
  2 leopard geckos
  5 orcs
  5 bats
  2 giant cockroaches (D:2)
  6 hobgoblins
  4 jackals (D:3)
  2 quokkas
  4 frilled lizards
  6 goblins
  10 kobolds
  2 rats (D:2)
61 creatures vanquished.

Notes
Turn   | Place    | Note
-------+----------+-------------------------------------------
     0 | D:1      | microfolk the Kobold Hunter began the quest for the Orb.
     0 | D:1      | Reached XP level 1. HP: 12/12 MP: 1/1
   239 | D:1      | Reached skill level 1 in Short Blades
   271 | D:1      | Reached XP level 2. HP: 11/17 MP: 2/2
   660 | D:1      | Reached skill level 5 in Crossbows
   853 | D:1      | Reached XP level 3. HP: 20/22 MP: 3/3
  1177 | D:2      | Found a basalt altar of Yredelemnul.
  1220 | D:2      | Reached XP level 4. HP: 6/27 MP: 4/4
  1620 | D:2      | Reached XP level 5. HP: 32/32 MP: 5/5
  3138 | D:3      | Noticed Natasha
  3140 | D:3      | Killed Natasha
  3140 | D:3      | Reached XP level 6. HP: 31/37 MP: 6/6
  3449 | D:3      | Noticed Ijyb
  3475 | D:3      | Splashed by Ijyb's acid

Skill      XL: |  1  2  3  4  5 |
---------------+----------------+-----
Short Blades   | 1 2 3 |  3.8
Crossbows      | 5 |  5.5
Stealth        | 2 3 |  3.5
Dodging        | 3 |  3.5
Fighting       | 3 |  3.3

Action                   |  1- 3 |  4- 6 || total
-------------------------+-------+-------++-------
Melee: Short sword       |    54 |    97 ||   151
 Fire: Hand crossbow     |    18 |    82 ||   100
Throw: Stone             |     5 |       ||     5
  Use: Potion            |     1 |     5 ||     6
       Scroll            |     1 |       ||     1
 Stab: Sleeping          |     1 |     1 ||     2
  Eat: Chunk             |     9 |     7 ||    16
Armor: Leather armour    |    19 |       ||    19
       Ring mail         |     4 |     9 ||    13
       Scale mail        |       |    20 ||    20
Dodge: Dodged            |    54 |    59 ||   113
Block: Buckler           |       |    15 ||    15
